Map: Eflorescencia EE

Players

MrFercho

  • Race: Zerg Zerg
  • League: Gold
  • Spawn Location: 3:00

TATORREA

  • Race: Protoss Protoss
  • League: Gold
  • Spawn Location: 12:00

Kreos - Winner!

  • Race: Terran Terran
  • Spawn Location: 9:00

ARonKeem - Winner!

  • Race: Protoss Protoss
  • Spawn Location: 6:00

VOD

Have the link to the VOD?

Description

Time

  • Played on: July 27, 2020, 8:17 p.m.
  • Length: 12:02
Show
View Real Time Build Order
Export as new Build Order

MrFercho Zerg 

Build Orders: Hatch First 

Get SALT Encoding   

  12  0:02  Drone  
  13  0:14  Overlord  
  13  0:21  Drone  
  14  0:32  Drone x2  
  16  0:55  Hatchery  
  16  0:57  Drone  
  16  0:58  Drone  
  16  1:02  Drone  
  18  1:12  Extractor  
  17  1:19  Spawning Pool  
  17  1:21  Drone  
  17  1:24  Drone  
  18  1:29  Drone  
  19  1:46  Drone  
  20  1:51  Overlord  
  20  2:05  Drone  
  20  2:07  Queen x2  
  25  2:10  Zergling x2  
  25  2:13  Zergling x2  
  27  2:24  Drone  
  27  2:25  Drone  
  29  2:31  Overlord  
  29  2:35  Drone  
  30  2:48  Metabolic Boost  
  30  2:50  Drone x2  
  32  2:53  Lair  
  32  2:58  Queen  
  32  2:59  Drone x2  
  32  3:02  Drone  
  37  3:08  Drone  
  38  3:15  Baneling Nest  
  37  3:22  Drone x2  
  39  3:38  Drone x3  
  39  3:39  Overlord, Drone  
  43  3:41  Zergling x2  
  43  3:42  Overlord  
  43  3:47  Evolution Chamber  
  44  3:48  Drone  
  44  4:01  Zergling x2  
  44  4:02  Zergling x4  
  47  4:06  Centrifical Hooks  
  47  4:15  Zergling x2  
  47  4:16  Zergling x12  
  54  4:27  Drone  
  54  4:31  Overlord  
  55  4:34  Queen  
  57  4:41  Hatchery  
  57  4:43  Zergling x2  
  57  4:44  Zergling x2  
  58  4:46  Zerg Melee Weapons Level 1  
  58  4:55  Zergling x4  
  58  4:59  Zergling x2  
  61  5:07  Zergling x10  
  61  5:10  Zergling x2  
  61  5:11  Zergling x2  
  68  5:23  Overlord  
  68  5:24  Overlord x2  
  68  5:44  Zergling x10  
  68  5:45  Zergling x6  
  76  5:56  Zergling x4  
  78  6:00  Baneling  
  78  6:01  Baneling x7  
  78  6:03  Zergling x10  
  83  6:23  Hatchery  
  83  6:24  Hatchery  
  81  6:26  Zergling x2  
  81  6:27  Zergling x14  
  89  6:38  Zergling x2  
  88  6:56  Zergling x4  
  88  6:58  Zergling x6  
  88  6:59  Zergling x2  
  88  7:00  Overlord x2  
  88  7:01  Overlord  
  79  7:02  Zergling x6  
  79  7:07  Zergling x6  
  78  7:11  Zergling x2  
  78  7:12  Zergling x2  
  75  7:16  Zergling x2  
  76  7:26  Zergling x6  
  79  7:31  Zergling x6  
  79  7:33  Overlord x3  
  79  7:34  Zergling x2  
  83  7:39  Zerg Melee Weapons Level 2  
  83  7:49  Baneling x4  
  83  7:50  Baneling x2  
  83  7:53  Zergling x6  
  83  7:54  Zergling x12  
  84  7:59  Zergling x2  
  84  8:00  Zergling x10  
  84  8:04  Zergling x2  
  84  8:05  Zergling x8  
  78  8:11  Zergling x6  
  69  8:21  Zergling x12  
  69  8:22  Zergling x4  
  69  8:25  Zergling x2  
  69  8:26  Zergling x2  
  78  8:34  Drone  
  78  8:35  Drone x3  
  78  8:41  Zergling x6  
  48  9:13  Drone  
  48  9:14  Drone x6  
  48  9:15  Drone x3  
  58  9:20  Extractor  
  58  9:22  Extractor  
  56  9:32  Extractor  
  56  9:33  Drone x3, Extractor  
  56  9:34  Drone  
  56  9:35  Drone x2  
  60  9:39  Drone x3  
  60  9:40  Extractor  
  60  9:42  Drone  
  63  9:52  Queen  
  65  9:57  Drone x6  
  71  10:04  Zerg Missile Weapons Level 1, Hydralisk Den  
  70  10:11  Zergling x28  
  84  10:17  Overlord  
  84  10:18  Overlord x2  
  81  10:38  Spine Crawler  
  81  10:40  Spine Crawler  
  63  10:44  Zergling x2  
  63  10:45  Zergling x28  
  66  10:53  Zergling x6  
  67  11:09  Baneling x2  
  67  11:10  Baneling x6  
  67  11:11  Baneling  
  59  11:12  Baneling  
  59  11:15  Zergling x2  
  59  11:17  Zergling x2  
  55  11:29  Zergling x8  
  54  11:40  Zergling x8  
Show
View Real Time Build Order
Export as new Build Order

TATORREA Protoss 

Build Orders:  

Get SALT Encoding   

  12  0:06  Probe  
  13  0:18  Probe  
  14  0:27  Pylon  
  14  0:30  Probe  
  15  0:45  Probe  
  16  0:51  Gateway  
  16  1:09  Probe (Chrono Boost)  
  17  1:14  Assimilator  
  17  1:17  Pylon  
  18  1:20  Probe (Chrono Boost)  
  18  1:24  Probe (Chrono Boost)  
  19  1:35  Probe  
  20  1:40  Gateway  
  20  1:51  Cybernetics Core  
  20  1:55  Probe  
  21  2:02  Nexus  
  21  2:08  Pylon  
  21  2:16  Probe  
  21  2:22  Assimilator  
  21  2:34  Stalker  
  21  2:36  Warp Gate (Chrono Boost)  
  23  2:38  Zealot  
  23  2:43  Probe  
  25  2:57  Probe  
  25  3:13  Twilight Council  
  25  3:18  Gateway  
  24  3:27  Probe x2  
  25  3:42  Probe (Chrono Boost)  
  25  3:43  Probe (Chrono Boost)  
  27  3:51  Charge (Chrono Boost)  
  27  3:53  Probe x2 (Chrono Boost)  
  29  3:59  Probe  
  29  4:00  Probe  
  31  4:09  Robotics Facility  
  31  4:11  Probe  
  31  4:14  Pylon  
  32  4:21  Zealot x2  
  36  4:24  Zealot  
  36  4:27  Probe  
  36  4:29  Probe  
  40  4:39  Probe  
  40  4:41  Probe  
  42  4:49  Stargate  
  42  4:51  Probe  
  43  4:54  Probe  
  43  4:57  Zealot  
  46  5:01  Zealot  
  46  5:03  Probe  
  46  5:05  Zealot  
  46  5:06  Probe  
  52  5:15  Probe  
  52  5:18  Probe  
  52  5:19  Warp Prism  
  56  5:21  Blink (Chrono Boost)  
  56  5:36  Probe x2, Assimilator  
  56  5:40  Assimilator  
  58  5:43  Zealot  
  58  5:45  Zealot  
  62  5:57  Forge  
  62  6:01  Pylon  
  62  6:19  Void Ray, Probe x2  
  68  6:29  Gateway  
  68  6:31  Probe x2  
  70  6:33  Protoss Shields Level 1 (Chrono Boost), Gateway  
  70  6:53  Immortal  
  70  7:31  Fleet Beacon  
  70  7:50  Pylon  
  70  8:01  Pylon  
  70  8:03  Pylon  
  70  8:08  Void Ray, Immortal, Pylon  
  70  8:10  Pylon  
  78  8:19  Gateway x2  
  78  8:24  Gateway  
  78  8:25  Probe x2, Protoss Ground Weapons Level 1 (Chrono Boost)  
  80  8:29  Nexus  
  80  8:30  Pylon  
  80  8:34  Zealot x2  
  80  8:36  Pylon  
  80  8:37  Probe x2  
  80  8:40  Pylon  
  86  8:45  Nexus  
  86  8:49  Pylon  
  62  9:26  Zealot x2  
  62  9:27  Zealot x5  
  62  9:28  Zealot  
  62  9:50  Probe x2  
  62  9:56  Probe  
  62  9:58  Probe  
  64  10:02  Probe x2  
  64  10:04  Assimilator  
  66  10:08  Probe, Assimilator  
  66  10:10  Probe  
  66  10:11  Flux Vanes  
  66  10:13  Void Ray  
  73  10:14  Probe x2  
  73  10:17  Assimilator  
  74  10:21  Stargate  
  74  10:22  Assimilator  
  74  10:26  Probe x2  
  74  10:27  Stargate  
  76  10:31  Probe x2  
  76  10:35  Zealot x2  
  80  10:36  Zealot x5  
  80  10:37  Zealot  
  80  10:38  Probe x2  
  96  10:43  Probe  
  97  10:56  Void Ray  
  87  11:09  Zealot  
  87  11:10  Zealot x5  
  87  11:11  Zealot x2  
  69  11:32  Stalker x2  
  71  11:33  Stalker x4  
Show
View Real Time Build Order
Export as new Build Order

Kreos Terran - Winner!

Build Orders: Reaper Expand 

Get SALT Encoding   

  12  0:00  SCV  
  13  0:12  SCV  
  14  0:19  Supply Depot  
  14  0:24  SCV  
  15  0:41  Barracks  
  15  0:43  SCV  
  16  0:50  Refinery  
  16  0:55  SCV  
  17  1:07  SCV  
  18  1:19  SCV  
  19  1:33  Orbital Command  
  19  1:34  Reaper  
  20  1:55  Command Center  
  20  2:00  SCV, Barracks  
  21  2:07  Refinery  
  21  2:16  Barracks Reactor  
  21  2:20  SCV  
  22  2:29  Factory  
  22  2:45  SCV  
  23  3:06  SCV, Marine x2  
  26  3:23  SCV  
  27  3:27  Supply Depot  
  27  3:31  Barracks Tech Lab  
  27  3:34  Supply Depot  
  27  3:37  Marine x2  
  27  3:40  SCV  
  30  3:42  Orbital Command  
  30  3:50  Supply Depot  
  30  3:52  SCV  
  31  4:00  Stimpack  
  31  4:04  SCV  
  31  4:08  SCV  
  32  4:12  Factory Tech Lab  
  32  4:14  Marine x3  
  32  4:16  SCV  
  36  4:24  Starport  
  36  4:25  SCV  
  36  4:28  SCV  
  38  4:31  Refinery  
  38  4:32  Marine  
  38  4:33  Marine x2  
  38  4:37  SCV  
  42  4:40  SCV  
  42  4:44  Siege Tank  
  46  4:49  SCV  
  46  4:50  Marauder  
  49  4:53  SCV  
  49  4:54  Engineering Bay  
  49  4:58  Marine x2  
  52  5:01  Medivac  
  52  5:02  SCV  
  52  5:06  SCV  
  56  5:10  Refinery  
  57  5:14  SCV  
  57  5:15  Marauder  
  57  5:16  Marine  
  60  5:22  Marine  
  60  5:28  SCV  
  62  5:33  Supply Depot  
  62  5:39  Combat Shield  
  62  5:43  Terran Infantry Weapons Level 1  
  62  5:51  Barracks  
  62  5:54  SCV x2, Medivac, Marauder, Marine  
  62  5:55  Supply Depot  
  69  5:57  Barracks  
  69  6:05  Marine  
  70  6:14  Supply Depot  
  70  6:15  SCV, Marine  
  70  6:16  Marauder  
  74  6:18  Supply Depot  
  74  6:34  Marine  
  74  6:35  Marine  
  74  6:36  Siege Tank  
  74  6:37  Marauder  
  83  6:40  Medivac  
  83  6:52  Marine  
  83  6:58  Concussive Shells  
  83  6:59  Marauder  
  64  7:15  Hellion  
  62  7:17  Reaper, Marine  
  62  7:18  SCV x2  
  62  7:20  Marauder  
  66  7:30  SCV, Supply Depot  
  66  7:31  Supply Depot  
  66  7:33  Liberator  
  66  7:35  SCV, Marine  
  66  7:36  Hellion  
  74  7:41  Marine  
  74  7:43  SCV  
  76  7:47  SCV  
  76  7:49  Marine  
  78  7:53  Marine  
  78  7:55  SCV  
  80  7:59  SCV, Marine  
  80  8:06  Marine  
  78  8:16  Liberator  
  77  8:43  SCV x2  
  77  8:44  Command Center  
  77  8:45  Supply Depot  
  77  8:46  Barracks  
  79  8:48  Marine x2  
  79  8:49  Marine  
  79  8:55  SCV  
  69  9:04  Viking  
  69  9:06  Marine  
  69  9:07  Marauder  
  71  9:13  Marine  
  71  9:15  Siege Tank  
  75  9:17  Barracks Reactor  
  75  9:20  SCV x2  
  77  9:24  Marine  
  77  9:28  Marauder  
  77  9:31  Marine  
  80  9:32  SCV  
  80  9:33  SCV  
  80  9:34  Viking  
  85  9:42  Marine  
  85  9:44  SCV  
  85  9:45  SCV  
  86  9:47  Siege Tank  
  86  9:50  Barracks Reactor, Marauder  
  91  9:59  Marine x4  
  93  10:04  Viking  
  97  10:08  SCV  
  97  10:09  SCV  
  97  10:10  Marine  
  97  10:12  Orbital Command  
  100  10:17  Marine x4  
  100  10:19  Siege Tank  
  100  10:20  SCV  
  100  10:21  SCV  
  109  10:28  Command Center, Marine  
  109  10:33  SCV x2  
  109  10:34  Viking  
  109  10:35  Marine x2  
  116  10:42  Marine x2  
  118  10:45  SCV  
  118  10:46  Marine  
  120  10:52  Marine, Siege Tank  
  120  10:53  Marine  
  125  10:59  Marine  
  125  11:00  Marine  
  126  11:04  Viking, Marine  
  126  11:10  Marine  
  127  11:24  Hellion  
  129  11:31  Marine x5  
Show
View Real Time Build Order
Export as new Build Order

ARonKeem Protoss - Winner!

Build Orders:  

Get SALT Encoding   

  12  0:01  Probe (Chrono Boost)  
  13  0:14  Pylon  
  13  0:18  Probe  
  14  0:32  Gateway  
  14  0:35  Probe  
  15  0:47  Probe  
  16  0:52  Assimilator  
  16  0:59  Probe  
  17  1:11  Probe (Chrono Boost)  
  18  1:22  Cybernetics Core  
  18  1:23  Probe (Chrono Boost)  
  19  1:27  Pylon  
  19  1:30  Gateway  
  19  1:36  Zealot  
  21  2:03  Stalker (Chrono Boost)  
  25  2:29  Probe, Stalker (Chrono Boost)  
  26  2:42  Nexus, Warp Gate  
  26  2:46  Stalker  
  28  2:54  Assimilator  
  28  2:59  Pylon  
  28  3:18  Twilight Council  
  28  3:24  Pylon  
  28  3:30  Gateway  
  28  3:36  Adept  
  28  3:37  Adept  
  32  3:51  Probe  
  32  3:55  Probe  
  34  4:03  Probe  
  34  4:07  Probe  
  36  4:15  Probe  
  37  4:17  Blink (Chrono Boost)  
  37  4:22  Probe  
  37  4:27  Probe (Chrono Boost)  
  37  4:30  Zealot  
  41  4:33  Probe (Chrono Boost)  
  42  4:39  Probe (Chrono Boost)  
  42  4:44  Assimilator  
  44  4:46  Probe (Chrono Boost)  
  44  4:47  Probe (Chrono Boost)  
  44  4:50  Stalker x2  
  49  4:53  Probe  
  50  5:05  Probe  
  51  5:11  Stalker  
  53  5:14  Sentry  
  53  5:17  Probe  
  56  5:25  Pylon  
  56  5:29  Probe  
  56  5:31  Pylon  
  57  5:39  Forge  
  57  5:42  Stalker  
  57  5:43  Stalker x2  
  63  5:55  Probe  
  64  6:07  Probe  
  65  6:13  Stalker  
  65  6:14  Stalker x2  
  71  6:24  Gateway x2  
  37  7:23  Zealot x4  
  37  7:24  Zealot  
  47  7:36  Gateway  
  47  7:37  Gateway  
  47  7:40  Gateway  
  47  7:44  Zealot  
  47  7:45  Zealot x4  
  57  8:05  Zealot x2  
  51  8:06  Zealot x2  
  45  8:23  Adept  
  47  8:36  Stargate  
  47  8:39  Stargate  
  47  8:43  Stalker x2, Robotics Facility  
  47  8:44  Stalker x5  
  47  8:45  Stalker  
  63  8:52  Protoss Ground Weapons Level 1  
  55  9:23  Stalker x6  
  55  9:24  Stalker  
  67  9:53  Stalker x3  
  67  9:54  Stalker x2  
  67  9:59  Pylon  
  77  10:06  Pylon  
  77  10:10  Photon Cannon  
  77  10:16  Void Ray x2 (Chrono Boost)  
  85  10:25  Immortal, Robotics Bay  
  81  10:47  Stalker  
  81  10:48  Stalker x3  
  81  10:49  Stalker  
  77  11:34  Stalker x3  
  77  11:35  Stalker x5  
Tags
 
Add a new tag
Caveats
  • Supply blocks, unpowered buildings, or Contaminate may cause inaccurate times.
  • Supply counts are checked every 10 seconds.